 Dungeon Crawl Stone Soup version 0.22-a0-880-gb7b0c8b (webtiles) character file.

47 Goblin1989 the Cutter (level 3, 0/27 HPs)
             Began as a Demonspawn Warper on July 30, 2018.
             Killed from afar by an orc wizard (9 damage)
             ... with a puff of frost
             ... on level 3 of the Dungeon.
             The game lasted 00:04:24 (1873 turns).

Goblin1989 the Cutter (Demonspawn Warper)           Turns: 1873, Time: 00:04:25

Health: 0/27       AC:  7    Str: 11    XL:     3   Next: 48%
Magic:  6/6        EV: 12    Int: 14    God:
Gold:   78         SH:  0    Dex: 13    Spells: 6/6 levels left

rFire    . . .     SeeInvis .   P - +0 rapier
rCold    . . .     Gourm    .   (no shield)
rNeg     + . .     Faith    .   K - +2 ring mail {rN+}
rPois    .         Spirit   .   (no helmet)
rElec    .         Reflect  .   (no cloak)
rCorr    .         Harm     .   (no gloves)
MR       .....                  (no boots)
Stlth    +.........             (no amulet)
HPRegen  0.09/turn              (no ring)
MPRegen  0.10/turn              (no ring)

@: no status effects
A: repulsion field 1
a: no special abilities


You were on level 3 of the Dungeon.
You were not hungry.

You visited 1 branch of the dungeon, and saw 3 of its levels.

You collected 78 gold pieces.

Inventory:

Hand Weapons
 a - a +0 short sword
 P - a +0 rapier (weapon)
 V - a +0 hunting sling
Missiles
 f - 5 tomahawks of dispersal (quivered)
 E - 117 stones {@Q3}
 G - 47 bolts
 Q - 19 sling bullets
 T - 8 tomahawks
Armour
 K - a +2 ring mail of positive energy (worn)
Scrolls
 B - 2 scrolls of blinking
 C - a scroll of remove curse {unknown}
 D - a scroll of identify {unknown}
 J - a scroll of noise {unknown}
 R - 2 scrolls of teleportation {unknown}
 U - a scroll of enchant weapon {unknown}
Potions
 M - a potion of heal wounds {unknown}
 O - 2 potions of brilliance {unknown}
Comestibles
 e - 3 rations
 W - a chunk of flesh


   Skills:
 - Level 2.0 Fighting
 + Level 3.6 Short Blades
 - Level 0.8 Throwing
 - Level 0.8 Armour
 - Level 1.7 Dodging
 - Level 2.0 Spellcasting
   Level 2.6 Translocations


You had 6 spell levels left.
You didn't know any spells.
Your spell library contained the following spells:

 Spells                   Type           Power        Failure   Level  Hunger
 Teleport Other           Tloc           #.......     50%         3    ####...
 Blink                    Tloc           N/A          28%         2    ###....
 Passage of Golubria      Tloc           N/A          88%         4    #####..
 Shroud of Golubria       Chrm/Tloc      #.........   45%         2    ###....
 Gell's Gravitas          Tloc           #.........   50%         3    ####...
 Lesser Beckoning         Tloc           #.........   50%         3    ####...


Dungeon Overview and Level Annotations

Branches:
Dungeon (3/15)

Altars:

Annotations:
D:3 Sigmund


Innate Abilities, Weirdness & Mutations

You are surrounded by a mild repulsion field. (EV +2)


Message History

No target in view!
No target in view!
No target in view!
No target in view!
No target in view!
No target in view!
No target in view!
No target in view!
No target in view!
No target in view!
No target in view!
No target in view!
You butcher the bat corpse.
W - a chunk of flesh
G - 47 bolts (gained 25)
A kobold and an orc wizard come into view.
The kobold shouts!
The orc wizard shouts!
You hear a shout!
The kobold throws a stone.
The stone closely misses you.
There are monsters nearby!
A kobold comes into view.
Found a stone staircase leading down.
You hit the kobold but do no damage. The kobold barely misses you.
You puncture the kobold!
You kill the kobold!
You completely miss the kobold. The kobold misses you.
You hit the kobold.
You kill the kobold!
An orc comes into view. It is wielding a club.
The orc shouts!
The orc wizard hits you but does no damage.
You hit the orc wizard.
The orc wizard is moderately wounded.
The orc wizard hits you but does no damage.
You hit the orc wizard.
The orc wizard is heavily wounded.
A hobgoblin comes into view. It is wielding a club.
The orc wizard hits you with a dagger.
You take 5 damage, and have 22/27 hp.
You closely miss the orc wizard.
The orc wizard is heavily wounded.
An orc comes into view. It is wielding a hand axe.
The orc shouts!
You hit the orc.
The orc is severely wounded.
You hear a shout!
You hit the orc.
You kill the orc!
You closely miss the orc wizard.
The orc wizard is heavily wounded.
The orc wizard casts a spell.
The orc wizard seems to speed up.
You closely miss the orc wizard.
The orc wizard is heavily wounded.
The orc wizard hits you but does no damage.
You puncture the orc wizard!
The orc wizard is almost dead.
The orc wizard barely misses you. The orc wizard misses you.
You closely miss the orc wizard.
The orc wizard is almost dead.
The orc wizard closely misses you.
You closely miss the orc wizard.
The orc wizard is almost dead.
The orc wizard hits you with a dagger.
You take 1 damage, and have 21/27 hp.
You closely miss the orc wizard.
The orc wizard is almost dead.
The orc wizard hits you but does no damage.
Sigmund the Dreaded comes into view.
He is wielding a scythe.
The orc wizard casts a spell at you. The puff of frost hits you!
You take 6 damage, and have 15/27 hp.
MASSIVE DAMAGE!!
You see here 10 gold pieces.
The orc wizard mumbles some strange words.
The orc wizard flickers and vanishes!
Deactivating autopickup; reactivate with Ctrl-A.
A puff of frost appears from out of thin air!
The puff of frost hits you!
A puff of frost appears from out of thin air!
The puff of frost hits you!
* * * LOW HITPOINT WARNING * * *
You take 5 damage, and have 10/27 hp.
A magic dart appears from out of thin air!
The magic dart hits you!
* * * LOW HITPOINT WARNING * * *
You take 1 damage, and have 10/27 hp.
You see here a dagger.
An orc is nearby!
You miss something.
You hear some strange, mumbled words.
A magic dart appears from out of thin air!
The magic dart hits you!
* * * LOW HITPOINT WARNING * * *
You take 2 damage, and have 8/27 hp.
You barely miss something. Something hits you but does no damage.
You closely miss something. Something hits you but does no damage.
You miss something.
You hear some strange, mumbled words.
A puff of frost appears from out of thin air!
The puff of frost hits you!
You die... ████

███ █.. ...
█.█ ..█
█@████..███
█{██......
█o██.█..█
█g██.█..███.█
█...........█
███.█.█████.
██.█o█.██
██.█...█.██
█.█....g█.█


You could see an orc and a hobgoblin.

Vanquished Creatures
  A worm (D:2)
  A dart slug (D:2)
  A leopard gecko (D:1)
  An orc (D:3)
  4 bats
  2 giant cockroaches (D:1)
  4 goblins
  3 hobgoblins (D:2)
  4 jackals (D:1)
  6 kobolds
  A quokka (D:2)
  A ball python (D:2)
  2 frilled lizards
  5 rats
36 creatures vanquished.

Notes
Turn   | Place    | Note
-------+----------+-------------------------------------------
     0 | D:1      | Goblin1989 the Demonspawn Warper began the quest for the Orb.
     0 | D:1      | Reached XP level 1. HP: 16/16 MP: 3/3
    54 | D:1      | Reached skill level 2 in Short Blades
   408 | D:1      | Gained mutation: You are surrounded by a mild repulsion field. (EV +2) [demonic ancestry]
   408 | D:1      | Reached XP level 2. HP: 22/22 MP: 5/5
   849 | D:1      | Reached skill level 3 in Short Blades
  1361 | D:2      | Reached XP level 3. HP: 27/27 MP: 6/6
  1852 | D:3      | Noticed Sigmund
  1873 | D:3      | Killed from afar by an orc wizard

Vault maps used:
D:1:      zaba_arrival_water
D:3:      chequers_ecumenical_altar_simple_redux, first_ration, st_stairs_5,
          trog_hazing_becter, uniq_sigmund, uniq_robin, uniq_jessica,
          uniq_terence

Skill      XL: |  1  2 |
---------------+-------+-----
Short Blades   | 2 3 |  3.6
Fighting       | |  2.0
Throwing       | |  0.8
Armour         | |  0.8
Dodging        | |  1.7
Spellcasting   | |  2.0
Translocations | |  2.6

Action                   || total
-------------------------++-------
Melee: Short sword       ||    85
       Rapier            ||    69
  Eat: Chunk             ||     3
Armor: Leather armour    ||     6
       Ring mail         ||    54
Dodge: Dodged            ||   125

Table legend:
 A = Spawn XP
 B = Non-spawn XP
 C = Spawn XP percentage of total XP
 D = Spawn monster count
 E = Non-spawn monster count
 F = Spawn count percentage of total count
 G = Total turns spent on level
                    A         B        C        D         E        F      G
               +---------+---------+-------+---------+---------+-------+---------
         Total |       0 |      68 |   0.0 |       0 |      36 |   0.0 |  1873
               +---------+---------+-------+---------+---------+-------+---------
           D:1 |       0 |      34 |   0.0 |       0 |      18 |   0.0 |  1059
           D:2 |       0 |      26 |   0.0 |       0 |      14 |   0.0 |   737
           D:3 |       0 |       8 |   0.0 |       0 |       4 |   0.0 |    77
               +---------+---------+-------+---------+---------+-------+---------

Vault maps used:
D:1:      zaba_arrival_water
D:3:      chequers_ecumenical_altar_simple_redux, first_ration, st_stairs_5,
          trog_hazing_becter, uniq_sigmund, uniq_robin, uniq_jessica,
          uniq_terence
